Map: Blackburn LE

Players

Tessellator

  • Race: Zerg Zerg
  • League: Diamond

Satalite - Winner!

  • Race: Terran Terran
  • League: Master

VOD

Have the link to the VOD?

Description

Time

  • Played on: Oct. 8, 2021, 3:09 a.m.
  • Length: 8:34
Show
View Real Time Build Order
Export as new Build Order

Tessellator Zerg 

Build Orders: Pool First 

Get SALT Encoding   

  12  0:00  Drone  
  13  0:12  Drone  
  14  0:29  Spawning Pool  
  14  0:33  Drone  
  14  0:48  Overlord  
  14  1:18  Zergling x2  
  15  1:19  Zergling x4  
  15  1:21  Queen  
  19  1:33  Hatchery  
  19  1:38  Zergling x2  
  19  1:45  Zergling x2  
  20  1:52  Zergling x2, Extractor  
  20  1:53  Extractor  
  19  2:03  Zergling x2  
  20  2:19  Queen  
  21  2:42  Overlord x2  
  21  2:55  Zergling x2  
  22  3:11  Zergling x2, Drone  
  24  3:30  Metabolic Boost  
  24  3:52  Queen  
  24  3:54  Drone  
  27  4:15  Roach Warren  
  26  4:19  Drone  
  27  4:24  Drone  
  27  4:30  Drone  
  29  4:36  Drone  
  30  4:41  Drone  
  31  4:47  Drone  
  31  4:50  Drone  
  33  5:01  Overlord  
  33  5:04  Drone  
  34  5:07  Drone  
  34  5:10  Drone  
  36  5:21  Drone x3  
  39  5:28  Drone x2  
  40  5:48  Drone x3  
  40  5:49  Drone x5  
  48  6:03  Spawning Pool  
  34  6:27  Drone x7  
  34  6:28  Drone  
  42  6:47  Extractor  
  42  6:49  Hatchery  
  42  6:50  Lair  
  40  6:55  Drone x2  
  40  6:57  Roach x2  
  40  6:58  Roach  
  40  7:00  Extractor  
  47  7:01  Extractor  
  46  7:23  Drone x2  
  46  7:24  Drone x3  
  51  7:31  Spine Crawler  
  51  7:32  Spine Crawler  
  51  7:34  Spore Crawler, Overlord  
  51  7:35  Spore Crawler  
  49  7:37  Overlord  
  49  7:40  Drone  
  44  7:56  Zergling x6  
  44  7:57  Roach x2, Spine Crawler  
  46  8:09  Spine Crawler  
  46  8:11  Drone  
Show
View Real Time Build Order
Export as new Build Order

Satalite Terran - Winner!

Build Orders:  

Get SALT Encoding   

  12  0:00  SCV  
  13  0:12  SCV  
  14  0:17  Supply Depot  
  14  0:24  SCV  
  14  0:28  Refinery  
  15  0:39  SCV  
  16  0:45  Barracks  
  16  0:51  SCV  
  16  0:56  Refinery  
  17  1:03  SCV  
  18  1:15  SCV  
  19  1:33  Reaper, Orbital Command  
  19  1:39  Supply Depot  
  20  1:51  Factory  
  20  2:00  SCV  
  21  2:11  Barracks Reactor  
  21  2:12  SCV  
  22  2:17  Supply Depot  
  22  2:24  SCV  
  23  2:36  SCV  
  24  2:39  Starport, Hellion  
  26  2:47  Marine x2  
  28  3:05  Marine  
  29  3:08  Marine  
  30  3:14  SCV  
  31  3:23  Marine, Medivac  
  34  3:32  Factory Tech Lab  
  34  3:41  Marine  
  35  3:58  Supply Depot  
  35  4:01  Siege Tank  
  38  4:15  Marine x2  
  38  4:16  Medivac  
  42  4:24  Command Center  
  42  4:33  Siege Tank  
  42  4:35  SCV  
  46  4:41  Marine x2  
  48  5:00  Engineering Bay  
  48  5:04  Barracks  
  48  5:09  Barracks Tech Lab  
  48  5:10  Barracks  
  46  5:30  Starport Reactor  
  46  5:31  Stimpack  
  46  5:34  Terran Infantry Weapons Level 1  
  46  5:36  Marine  
  46  5:38  Supply Depot  
  47  5:54  Marine  
  47  5:56  Orbital Command  
  48  5:57  Siege Tank  
  48  5:59  Barracks Reactor  
  50  6:08  Marine  
  47  6:20  Orbital Command  
  47  6:22  Marine x2  
  45  6:33  Medivac x2  
  45  6:34  SCV  
  50  6:45  Refinery  
  50  6:46  SCV  
  51  6:47  Refinery, SCV  
  52  6:58  SCV  
  53  7:03  SCV  
  53  7:05  Supply Depot  
  54  7:10  Combat Shield, SCV  
  54  7:15  SCV  
  56  7:20  Marine  
  56  7:21  Marine x4  
  56  7:22  SCV  
  62  7:27  SCV  
  62  7:29  Medivac x2  
  67  7:34  SCV  
  68  7:38  Marine x3  
  68  7:39  SCV  
  72  7:51  Marine  
  72  7:52  Marine  
  72  7:57  Barracks  
  74  7:59  Barracks  
  74  8:02  Command Center  
  74  8:12  Marine x4  
  76  8:13  Marine  
  76  8:19  Supply Depot  
Tags
 
Add a new tag
Caveats
  • Supply blocks, unpowered buildings, or Contaminate may cause inaccurate times.
  • Supply counts are checked every 10 seconds.